 Dungeon Crawl Stone Soup version 0.29-a0-559-g359e09b9d1 (webtiles) character file.

Game seed: 479402834431417578

349 Nedwor the Cruncher (level 6, 0/75 HPs)
             Began as a Minotaur Gladiator on June 10, 2022.
             Succumbed to Edmund's poison
             ... on level 4 of the Dungeon.
             The game lasted 00:06:22 (3081 turns).

Nedwor the Cruncher (Minotaur Gladiator)            Turns: 3081, Time: 00:06:23

Health: 0/75       AC:  4    Str: 20    XL:     6   Next: 33%
Magic:  5/5        EV: 12    Int:  5    God:
Gold:   86         SH:  0    Dex: 12    Spells: 5/5 levels left

rFire   . . .      SeeInvis .   a - +0 quarterstaff
rCold   + . .      Faith    .   (shield currently unavailable)
rNeg    . . .      Spirit   .   b - +0 leather armour
rPois   .          Reflect  .   c - +0 hat
rElec   .          Harm     .   (no cloak)
rCorr   .          Rampage  .   (no gloves)
Will    .....                   p - +0 pair of boots
Stlth   ..........              (no amulet)
HPRegen 0.22/turn               r - ring of protection from cold
MPRegen 0.09/turn               (no ring)

@: berserking (expiring), lethally poisoned (0 -> -22), very quick
A: horns 2, retaliatory headbutt
a: no special abilities


You were on level 4 of the Dungeon.
You visited 1 branch of the dungeon, and saw 4 of its levels.

You collected 86 gold pieces.

Inventory:

Hand Weapons
 a - a +0 quarterstaff (weapon)
Missiles
 d - 3 throwing nets
 e - 6 javelins
Armour
 b - a +0 leather armour (worn)
 c - a +0 hat (worn)
 p - a +0 pair of boots (worn)
Magical Staves
 g - a staff of earth
Jewellery
 r - a ring of protection from cold (left hand)
Scrolls
 i - a scroll of teleportation {unknown}
 k - a scroll of summoning {unknown}
 l - 2 scrolls of torment {unknown}
 m - a scroll of enchant armour {unknown}
 n - a scroll of fear {unknown}
 s - 4 scrolls of brand weapon {unknown}
 u - a scroll of blinking {unknown}
Potions
 f - a potion of flight {unknown}
 h - a potion of attraction (quivered) {unknown}
 j - a potion of curing
 q - a potion of invisibility
 t - a potion of ambrosia {unknown}


   Skills:
 - Level 2.4 Fighting
 * Level 8.7 Staves
 - Level 2.0 Throwing
 - Level 3.2 Dodging


You had 5 spell levels left.
You didn't know any spells.
Your spell library contained the following spells:

 Spells                   Type           Power      Damage    Failure   Level
 Slow                     Hex            0%         N/A       54%         1
 Confusing Touch          Hex            0%         N/A       88%         3
 Vampiric Draining        Necr           0%         2d6       88%         3
 Animate Armour           Summ/Erth      0%         N/A       99%         4
 Animate Dead             Necr           0%         N/A       99%         4
 Blade Hands              Tmut           0%         N/A       100%        5
 Borgnjor's Vile Clutch   Necr/Erth      0%         N/A       100%        5
 Death Channel            Necr           0%         N/A       100%        6
 Iron Shot                Conj/Erth      0%         9d1       100%        6


Dungeon Overview and Level Annotations

Branches:
Dungeon (4/15)
 Temple: D:4-7

Altars:
Cheibriados

Shops:
D:3 ?


Innate Abilities, Weirdness & Mutations

You have a pair of horns on your head.
You reflexively headbutt those who attack you in melee.


Message History

You kill the scorpion!
You see here a scorpion corpse.
You see here a scorpion corpse.
You start resting.
Edmund the Younger comes into view.
He is wielding a +4 dire flail of venom.
Edmund is nearby!
Edmund shouts!
A red film seems to cover your vision as you go berserk!
You feel yourself moving faster!
You feel mighty!
You sock Edmund!
Edmund is moderately wounded.
Edmund hits you with a +4 dire flail of venom!
You closely miss Edmund. You headbutt Edmund!
Edmund is heavily wounded.
You closely miss Edmund. You headbutt Edmund!
Edmund is severely wounded.
Edmund hits you with a +4 dire flail of venom!
You are lethally poisoned!
You closely miss Edmund.
Edmund is severely wounded.
You feel very sick.
You hit Edmund. You headbutt Edmund.
Edmund is almost dead.
* * * LOW HITPOINT WARNING * * *
You feel very sick.
Edmund hits you with a +4 dire flail of venom.
* * * LOW HITPOINT WARNING * * *
You are more poisoned.
You are too berserk!
Unknown command.
You thump Edmund!
You kill Edmund!
* * * LOW HITPOINT WARNING * * *
You feel very sick.
Your Staves skill increases to level 8!
You have reached level 6!
* * * LOW HITPOINT WARNING * * *
You feel very sick.
You feel a strong urge to attack something.
You die...

# ###.........(##.##......#
#######....#.#####.##.##...####
..........(#.# #.##.#...##
........####.#####..#....##
........#..)............##
.................#..#..##
........####.#.....###.#
........# ##.#.#.### ###
........###....#@#
.......##......).#
..........##..####
####........... #...#####..#
#...# #..


There were no monsters in sight!

Vanquished Creatures
  Edmund (D:4)
  A scorpion (D:4)
  A hound (D:3)
  4 adders (D:2)
  3 worms
  2 dart slugs (D:1)
  13 orcs (D:3)
  7 endoplasms
  2 giant cockroaches
  7 hobgoblins
  6 kobolds
  2 quokkas
  7 ball pythons
  4 bats
  7 frilled lizards
  8 goblins
  6 rats
81 creatures vanquished.

Notes
Turn   | Place    | Note
-------+----------+-------------------------------------------
     0 | D:1      | Nedwor the Minotaur Gladiator began the quest for the Orb.
     0 | D:1      | Reached XP level 1. HP: 18/18 MP: 0/0
    35 | D:1      | Reached skill level 4 in Staves
    49 | D:1      | Reached XP level 2. HP: 9/25 MP: 1/1
   705 | D:1      | Reached skill level 5 in Staves
   805 | D:1      | Reached XP level 3. HP: 26/30 MP: 2/2
  1272 | D:2      | Reached XP level 4. HP: 27/37 MP: 3/3
  1273 | D:2      | Reached skill level 6 in Staves
  1672 | D:2      | Found a faded altar of an unknown god.
  2134 | D:3      | Found Ulyim's Magic Scroll Boutique.
  2334 | D:3      | Reached skill level 7 in Staves
  2334 | D:3      | Reached XP level 5. HP: 23/42 MP: 4/4
  2366 | D:3      | Found a snail-covered altar of Cheibriados.
  3067 | D:4      | Noticed Edmund
  3079 | D:4      | Killed Edmund
  3080 | D:4      | Reached skill level 8 in Staves
  3080 | D:4      | Reached XP level 6. HP: 8/50 MP: 5/5
  3081 | D:4      | Succumbed to Edmund's poison

Illustrated notes

Levels and vault maps discovered:
D:1:      lightli_arrival_flooded_house, layout_rooms
D:2:      layout_basic, shapermc_ecumenical_altar_mp_highgroup, st_stairs_14,
          amcnicky_mini_corridor_feature, nrook_uturn, minmay_hedge_maze,
          minivault_11
D:3:      layout_basic, lemuel_tele_altar, serial_shops, shop,
          minmay_misc_feat_tower, dreamdust_princess_corridor
D:4:      layout_rooms, uniq_edmund

Skill      XL: |  1  2  3  4  5 |
---------------+----------------+-----
Staves         | 4 5 7 8 |  8.7
Fighting       | |  2.4
Throwing       | |  2.0
Dodging        | |  3.2

Action                   |  1- 3 |  4- 6 || total
-------------------------+-------+-------++-------
Melee: Quarterstaff      |    72 |    87 ||   159
       Headbutt          |    11 |    18 ||    29
  Use: Scroll            |       |     5 ||     5
       Potion            |       |     3 ||     3
Armor: Leather armour    |    17 |    21 ||    38
Dodge: Dodged            |    53 |    35 ||    88

Table legend: (Time is in decaauts)
 A = Elapsed time spent in this place.
 B = Non-inter-level travel time spent in this place.
 C = Inter-level travel time spent in this place.
 D = Time resting spent in this place.
 E = Time spent auto-exploring this place.
 F = Levels seen in this place.
 G = Mean time per level.
                   A        B        C        D        E       F      G
               +--------+--------+--------+--------+--------+-----+--------+
         Total |   3057 |   3005 |     52 |    693 |   1812 |   4 |  764.2 |
       Dungeon |   3057 |   3005 |     52 |    693 |   1812 |   4 |  764.2 |
               +--------+--------+--------+--------+--------+-----+--------+

Top non-repeatable levels by time:
     D:2: 996 daAuts
     D:1: 956 daAuts
     D:3: 882 daAuts
     D:4: 222 daAuts
